 Dungeon Crawl Stone Soup version 0.27-a0-1200-g94dc6ad4cf (webtiles) character file.

Game seed: 12396960506933738950

604 funkygono the Chiller (level 7, -1/37 HPs)
             Began as a Gargoyle Ice Elementalist on May 31, 2021.
             Killed from afar by a white imp (5 damage)
             ... with a puff of frost
             ... on level 5 of the Dungeon.
             The game lasted 00:09:35 (5367 turns).

funkygono the Chiller (Gargoyle Ice Elementalist)   Turns: 5367, Time: 00:09:37

Health: -1/37      AC: 16    Str: 17    XL:     7   Next: 42%
Magic:  7/13       EV: 11    Int: 18    God:
Gold:   200        SH:  0    Dex: 10    Spells: 3/14 levels left

rFire    . . .     SeeInvis .   r - +1 mace (protect)
rCold    . . .     Faith    .   (no shield)
rNeg     + . .     Spirit   .   c - +0 leather armour
rPois    ∞         Reflect  .   o - +0 helmet
rElec    +         Harm     .   (no cloak)
rCorr    .         Rampage  .   (no gloves)
Will     .....                  (no boots)
Stlth    ++........             (no amulet)
HPRegen  0.12/turn              k - +6 ring of strength
MPRegen  0.13/turn              (no ring)

@: under a protective aura
A: sickness immunity, AC +4, negative energy resistance 1, electricity
resistance, torment resistance 1, petrification resistance
a: no special abilities


You were on level 5 of the Dungeon.
You visited 1 branch of the dungeon, and saw 5 of its levels.

You collected 200 gold pieces.

Inventory:

Hand Weapons
 b - a +0 club
 l - a +0 whip
 r - a +1 mace of protection (weapon)
Missiles
 d - 134 stones
 p - 7 curare-tipped darts
Armour
 a - a +0 robe
 c - a +0 leather armour (worn)
 o - a +0 helmet (worn)
Magical Staves
 g - a staff of conjuration
Jewellery
 k - a +6 ring of strength (left hand)
Wands
 n - a wand of paralysis (11)
Scrolls
 f - 2 scrolls of teleportation
Potions
 e - 6 potions of curing
 i - a potion of mutation {unknown}
 j - a potion of might {unknown}
 s - 2 potions of haste


   Skills:
 + Level 0.5 Fighting
 + Level 1.5 Maces & Flails
 + Level 2.2 Armour
 + Level 2.2 Dodging
 - Level 2.2 Stealth
 * Level 4.4 Spellcasting
 * Level 6.5 Ice Magic


You had 3 spell levels left.
You knew the following spells:

 Your Spells              Type           Power      Damage    Failure   Level
a - Freeze                Ice            100%       1d11      1%          1
b - Frozen Ramparts       Ice            54%        1d7       3%          3
c - Ozocubu's Armour      Ice            27%        N/A       3%          3
d - Hailstorm             Conj/Ice       15%        3d5       41%         4

Your spell library contained the following spells:

 Spells                   Type           Power      Damage    Failure   Level
 Metabolic Englaciation   Hex/Ice        7%         N/A       77%         5


Dungeon Overview and Level Annotations

Branches:
Dungeon (5/15)
 Temple: D:4-7

Altars:
Qazlal

Shops:
D:3 (


Innate Abilities, Weirdness & Mutations

You are immune to sickness and miasma.
Your stone body is resilient. (AC +4)
You are immune to poison.
You resist negative energy. (rN+)
You are resistant to electric shocks. (rElec)
You are resistant to unholy torment.
You are immune to petrification.


Message History

The white imp gestures at you. The puff of frost hits you.
* * * LOW HITPOINT WARNING * * *
Casting: Freeze (safe; 1% risk of failure)
Confirm with . or Enter, or press ? or * to list all spells.
Aiming: Freeze (safe; 1% risk of failure)
Press: ? - help, Shift-Dir - straight line, f/p - white imp
Aim: a white imp (heavily wounded)
You freeze the white imp.
The white imp resists.
The white imp is severely wounded.
The white imp barely misses you.
You closely miss the white imp.
The white imp is severely wounded.
The white imp barely misses you.
Unknown command.
You barely miss the white imp.
The white imp is severely wounded.
The white imp hits you but does no damage.
You closely miss the white imp.
The white imp is severely wounded.
The white imp hits you but does no damage.
The white imp gestures at you. The puff of frost hits you.
* * * LOW HITPOINT WARNING * * *
You hit the white imp but do no damage.
Your weapon exudes an aura of protection.
The white imp is severely wounded.
The white imp gestures at you. The puff of frost hits you.
* * * LOW HITPOINT WARNING * * *
Casting: Freeze (safe; 1% risk of failure)
Confirm with . or Enter, or press ? or * to list all spells.
Aiming: Freeze (safe; 1% risk of failure)
Press: ? - help, Shift-Dir - straight line, f/p - white imp
Aim: a white imp (severely wounded)
You freeze the white imp.
The white imp resists.
The white imp is severely wounded.
The white imp gestures at you. The puff of frost hits you.
You die...

...... ..... #...#
#...# #..#####..#
#...# ......##..#
#...# .......#..#
#...#######.
.≈........#
#...@5......
.§.§.##..#
#..$##....(.
#≈§.##..# #...#
.###.#
§§#§§.##..###...##.#
§≈§§≈..#......#....#
_≈≈≈.....####.###..#
≈≈#...##.# #.# #..#
#≈#.≈.##.# #.# #..#
≈.....##.# #.# #..#


You could see a white imp.

Vanquished Creatures
  A centaur (D:5)
  3 scorpions
  A water moccasin skeleton (D:5)
  A hound (D:5)
  A centaur skeleton (D:4)
  2 iguanas
  Robin (D:3)
  5 adders
  2 adder skeletons (D:4)
  2 worms (D:2)
  5 dart slugs
  9 orcs
  7 endoplasms
  5 giant cockroaches
  12 goblins
  9 hobgoblins
  9 jackals
  2 quokkas
  6 ball pythons
  2 bats
  4 frilled lizards
  8 kobolds
  2 rats
99 creatures vanquished.

Vanquished Creatures (others)
  A withered plant (D:3)
1 creature vanquished.

Grand Total: 100 creatures vanquished

Notes
Turn   | Place    | Note
-------+----------+-------------------------------------------
     0 | D:1      | funkygono the Gargoyle Ice Elementalist began the quest for
                  | the Orb.
     0 | D:1      | Reached XP level 1. HP: 10/10 MP: 3/3
   285 | D:1      | Reached XP level 2. HP: 15/15 MP: 1/5
  1142 | D:1      | Reached XP level 3. HP: 14/19 MP: 1/6
  1390 | D:1      | Learned a level 3 spell: Frozen Ramparts
  2104 | D:2      | Reached XP level 4. HP: 23/24 MP: 1/8
  2540 | D:2      | Learned a level 3 spell: Ozocubu's Armour
  2710 | D:3      | Found a faded altar of an unknown god.
  2950 | D:3      | Found Unun's Weapon Emporium.
  3073 | D:3      | Reached skill level 5 in Ice Magic
  3131 | D:3      | Reached XP level 5. HP: 28/28 MP: 4/9
  3327 | D:3      | Noticed Robin
  3341 | D:3      | Killed Robin
  4045 | D:4      | Reached XP level 6. HP: 22/32 MP: 11/11
  4394 | D:4      | Reached skill level 1 in Armour
  4463 | D:4      | Reached skill level 6 in Ice Magic
  4470 | D:4      | Learned a level 4 spell: Hailstorm
  4974 | D:5      | Entered Level 5 of the Dungeon
  5044 | D:5      | Reached skill level 1 in Maces & Flails
  5044 | D:5      | Reached XP level 7. HP: 11/37 MP: 8/13
  5299 | D:5      | Found a stormy altar of Qazlal.
  5367 | D:5      | Killed from afar by a white imp

Illustrated notes

Levels and vault maps discovered:
D:1:      matt_arrival_refuge, layout_basic, st_stairs_6,
          grunt_decor_one_mirror, grunt_decor_fettered, minmay_quantized
D:2:      layout_basic, minmay_indecisive_spiral
D:3:      layout_basic, ebering_ecumenical_altar_petrified, serial_shops,
          nicolae_shop_statue_plus, minmay_misc_feat_enclosed, uniq_robin
D:4:      layout_loops_ring
D:5:      cheibrodos_two_vegetables, layout_basic,
          nicolae_qazlal_general_emergency, lemuel_coloured_pillars_altar,
          cheibrodos_sewer_entry_drain, kennysheep_generic_room_16

Skill      XL: |  1  2  3  4  5  6  7 |
---------------+----------------------+-----
Spellcasting   | 3 4 |  4.4
Dodging        | 2 |  2.2
Ice Magic      | 5 6 |  6.5
Armour         | 1 2 |  2.2
Maces & Flails | 1 |  1.5
Fighting       | |  0.5
Stealth        | |  2.2

Action                   |  1- 3 |  4- 6 |  7- 9 || total
-------------------------+-------+-------+-------++-------
Melee: Club              |    12 |       |       ||    12
       Whip              |    28 |    42 |       ||    70
       Mace              |       |    27 |    13 ||    40
 Cast: Freeze            |    42 |    19 |     8 ||    69
       Frozen Ramparts   |     5 |    17 |     1 ||    23
       Ozocubu's Armour  |       |     1 |       ||     1
  Use: Scroll            |     2 |     5 |       ||     7
 Stab: Sleeping          |       |     1 |       ||     1
Armor: Robe              |    17 |       |       ||    17
       Leather armour    |     4 |    50 |     4 ||    58
Dodge: Dodged            |    43 |    69 |     8 ||   120

Table legend: (Time is in decaauts)
 A = Elapsed time spent in this place.
 B = Non-inter-level travel time spent in this place.
 C = Inter-level travel time spent in this place.
 D = Time resting spent in this place.
 E = Time spent auto-exploring this place.
 F = Levels seen in this place.
 G = Mean time per level.
                   A        B        C        D        E       F      G
               +--------+--------+--------+--------+--------+-----+--------+
         Total |   5388 |   5292 |     96 |     36 |   4526 |   5 | 1077.6 |
       Dungeon |   5388 |   5292 |     96 |     36 |   4526 |   5 | 1077.6 |
               +--------+--------+--------+--------+--------+-----+--------+

Top non-repeatable levels by time:
     D:1: 1472 daAuts
     D:3: 1248 daAuts
     D:4: 1144 daAuts
     D:2: 1120 daAuts
     D:5: 402 daAuts
